 Dungeon Crawl Stone Soup version 0.31.0-9-g3a7656b989 (webtiles) character file.

Game seed: 3811778977413893192

1121 EnegeticOcto the Firebug (level 8, 0/60 HPs)
             Began as a Mummy Fire Elementalist on Feb 3, 2024.
             Was a Follower of Sif Muna.
             Slain by a wight
             ... wielding a +3 hand axe
              (7 damage)
             ... on level 7 of the Dungeon.
             The game lasted 00:12:48 (3064 turns).

EnegeticOcto the Firebug (Mummy Fire Elementalist)  Turns: 3064, Time: 00:12:49

Health: 0/60       AC:  4    Str: 11    XL:     8   Next: 12%
Magic:  9/25       EV: 12    Int: 16    God:    Sif Muna [*.....]
Gold:   244        SH:  0    Dex: 13    Spells: 7/18 levels left

rFire   . . .        s - +8 halberd of the Scavenger {elec, rF+ Stlth+}
rCold   + . .        (shield currently unavailable)
rNeg    + + +        a - +0 robe
rPois   ∞            (no helmet)
rElec   .            (no cloak)
rCorr   .            k - +0 pair of gloves
SInv    .            b - +0 pair of boots
Will    +....        (no amulet)
Stlth   +++          t - ring of magical power
HPRegen 0.30/turn    (no ring)
MPRegen 0.19/turn

%: faith
@: no status effects
A: cold resistance 1, negative energy resistance 3, torment resistance 2, heat
vulnerability 1, in touch with death 1, no potions, faith
a: Renounce Religion, Channel Magic


You were on level 7 of the Dungeon.
You worshipped Sif Muna.
Sif Muna was aware of your devotion.
You visited 1 branch of the dungeon, and saw 7 of its levels.
You also visited: Sewer.

You collected 244 gold pieces.

Inventory:

Hand Weapons
 f - a +0 short sword
   (You took it off a kobold on level 1 of the Dungeon)
 o - a +2 flail of protection
   (You took it off Edmund on level 5 of the Dungeon)
 s - the +8 halberd of the Scavenger (weapon) {elec, rF+ Stlth+}
   (You found it on level 5 of the Dungeon)

   rF+:       It protects you from fire.
   Stlth+:    It makes you more stealthy.
Missiles
 i - 2 throwing nets {!f}
Armour
 a - a +0 robe (worn)
 b - a +0 pair of boots (worn)
   (You found it on level 1 of the Dungeon)
 k - a +0 pair of gloves (worn)
   (You found it on level 3 of the Dungeon)
 p - a +2 ring mail of positive energy
   (You found it on level 5 of the Dungeon)
Jewellery
 j - a ring of protection from cold
   (You found it on level 3 of the Dungeon)
 t - a ring of magical power (left hand)
   (You found it on level 5 of the Dungeon)
Wands
 g - a wand of digging (3) {@v3}
   (You found it on level 2 of the Dungeon)
 n - a wand of paralysis (7)
   (You took it off Ijyb on level 5 of the Dungeon)
Scrolls
 c - a scroll of teleportation {@r3 !r}
 d - a scroll of enchant weapon
 e - 2 scrolls of torment
 h - a scroll of fog {!r}
 l - a scroll of identify {unknown}
 m - a scroll of fear {unknown}
 q - a scroll of revelation {unknown}
 r - a scroll of blinking {@r4}


   Skills:
 + Level 3.9 Fighting
 - Level 1.5 Dodging
 - Level 1.5 Stealth
 + Level 5.7 Spellcasting
 + Level 2.2 Conjurations
 - Level 6.0 Fire Magic
 - Level 2.0 Invocations


You had 7 spell levels left.
You knew the following spells:

 Your Spells              Type           Power      Damage    Failure   Level
a - Apportation           Tloc           8%         N/A       14%         1
b - Foxfire               Conj/Fire      68%        2x1d7     2%          1
c - Inner Flame           Hex/Fire       14%        N/A       12%         3
d - Flame Wave            Conj/Fire      17%        2d7       26%         4
t - Scorch                Fire           46%        2d6       1%          2

Your spell library contained the following spells:

 Spells                   Type           Power      Damage    Failure   Level
 Volatile Blastmotes      Fire/Tloc      28%        2d12      12%         3
 Summon Small Mammal      Summ           16%        N/A       14%         1
 Jinxbite                 Hex            8%         N/A       22%         2
 Dazzling Flash           Conj/Hex       16%        N/A       26%         3
 Call Canine Familiar     Summ           4%         N/A       38%         3
 Sticky Flame             Fire/Alch      14%        2d5       38%         4
 Summon Blazeheart Golem  Fire/Summ      14%        N/A       38%         4
 Alistair's Intoxication  Alch           2%         N/A       98%         5
 Starburst                Conj/Fire      8%         6d4       99%         6
 Maxwell's Capacitive Co  Air            2%         ∞         100%        8


Dungeon Overview and Level Annotations

Branches:
Dungeon (8/15) Zot: 26982  Temple (0/1) D:4           Sewer (visited)
   Lair: D:8-11

Altars:
Dithmenos
Sif Muna
Trog
Uskayaw

Annotations:
D:5 Pikel
D:8 Psyche


Innate Abilities, Weirdness & Mutations

You are immune to poison.
Your flesh is cold resistant. (rC+)
You are immune to negative energy. (rN+++)
You are immune to unholy pain and torment.
You are vulnerable to heat. (rF-)
You are in touch with the powers of death.
You do not drink.
You have a special connection with the divine. (Faith)


Message History

Found 3 stones.
A malevolent force fills the Dungeon...
You fall into a shaft and drop 3 floors!
The shaft crumbles and collapses.
Found 25 gold pieces.
Found a stone staircase leading down.
You now have 244 gold pieces (gained 10).
Psyche and a centaur come into view.
Psyche is wielding a +0 dagger of chaos and wearing a +2 robe of resistance.
The centaur shouts!
The centaur wields a +0 orcbow.
The centaur shoots an arrow.
The arrow hits you.
Found a barding.
The centaur shoots an arrow.
The arrow hits you!
You hear a shout!
Aiming: Paralyse
Press: ? - help, Shift-Dir - straight line, f - centaur
Aim: a centaur, wielding a +0 orcbow (chance to affect: 49%)
The centaur resists with some effort.
The centaur shoots an arrow.
The arrow barely misses you.
A centaur comes into view.
The centaur wields a +0 orcbow.
The centaur shoots an arrow.
The arrow hits you.
Psyche screams, "Hurray!"
The centaur shoots an arrow.
The arrow closely misses you.
Unknown command.
Really read
c - 2 scrolls of teleportation {@r3 !r}?
As you read the scroll of teleportation {@r3 !r}, it crumbles to dust.
You feel strangely unstable.
The centaur shoots an arrow.
The arrow hits you.
The centaur shoots an arrow.
The arrow hits you.
Psyche mumbles some strange words.
A swirling arc of seething chaos appears!
The arc of chaos hits the centaur.
The centaur is poisoned.
The centaur shoots an arrow.
The arrow closely misses you.
The centaur shoots an arrow.
The arrow hits you.
Your surroundings suddenly seem different.
Found a stone staircase leading up.
There is a stone staircase leading up here.
You start resting.
A centaur is nearby!
You climb upwards.
You hear the roar of battle.
There is an entrance to a bailey on this level.
Hurry and find it before the portal closes forever!
You hear the hiss of flowing sand.
There is an entrance to an ossuary on this level.
Hurry and find it before the portal is buried!
There is a stone staircase leading down here. 4 wights come into view.
Found 5 boomerangs.
The wight moves out of view.
Casting: Scorch (safe; 1% risk of failure)
Press: ? - help, Q - select action, (/) - cycle Dir - look around, f - activate Flames lash the wight.
The wight is moderately damaged.
The wight's fire resistance burns away.
Casting: Scorch (safe; 1% risk of failure)
Press: ? - help, Q - select action, (/) - cycle Dir - look around, f - activate Flames lash the wight.
The wight is moderately damaged.
The wight's fire resistance burns away.
The wight hits you with a +3 hand axe.
Casting: Scorch (safe; 1% risk of failure)
Press: ? - help, Q - select action, (/) - cycle Dir - look around, f - activate Flames lash the wight.
The wight is burned terribly!
The wight is severely damaged.
The wight hits you with a +3 hand axe.
Casting: Scorch (safe; 1% risk of failure)
Press: ? - help, Q - select action, (/) - cycle Dir - look around, f - activate Flames lash the wight.
The wight is burned terribly!
The wight is almost destroyed.
The wight is no longer more vulnerable to fire.
The wight closely misses you.
Casting: Scorch (safe; 1% risk of failure)
Press: ? - help, Q - select action, (/) - cycle Dir - look around, f - activate Flames lash the wight.
The wight is burned terribly!
You destroy the wight!
Sif Muna accepts your kill. The wight hits you with a +3 hand axe.
Casting: Scorch (safe; 1% risk of failure)
Press: ? - help, Q - select action, (/) - cycle Dir - look around, f - activate Flames lash the wight.
The wight is severely damaged.
The wight's fire resistance burns away.
The wight hits you with a +3 hand axe.
Casting: Scorch (safe; 1% risk of failure)
Press: ? - help, Q - select action, (/) - cycle Dir - look around, f - activate Flames lash the wight.
The wight is severely damaged.
The wight hits you with a +3 hand axe!
* * * LOW HITPOINT WARNING * * *
Casting: Scorch (safe; 1% risk of failure)
Press: ? - help, Q - select action, (/) - cycle Dir - look around, f - activate Flames lash the wight.
The wight is burned terribly!
You destroy the wight!
Sif Muna accepts your kill. The wight hits you with a +3 hand axe!
* * * LOW HITPOINT WARNING * * *
Casting: Scorch (safe; 1% risk of failure)
Press: ? - help, Q - select action, (/) - cycle Dir - look around, f - activate Flames lash the wight.
The wight is severely damaged.
The wight's fire resistance burns away.
The wight hits you with a +3 hand axe!
You die...

### ..# . #.# ..
... ...## #.#.#
...... #.#.#
....##@#.#
#####..#z#.#
........z#.#
########.#.#
#)#.#####.#
#..>......#
.......#########
........
##......


You could see 2 wights.

Vanquished Creatures
  Eustachio (D:3)
  Edmund (D:5)
  A black bear (D:5)
  Pargi (Sewer)
  An ogre (D:5)
  A phantom (D:4)
  2 wights (D:7)
  4 killer bees (D:5)
  A bombardier beetle (D:5)
  A jelly (D:4)
  Ijyb (D:5)
  An iguana (D:4)
  A river rat (D:5)
  7 adders
  A dart slug (D:5)
  3 ribbon worms
  An orc (D:4)
  4 ball pythons
  4 bats
  An endoplasm (D:2)
  5 giant cockroaches
  6 hobgoblins
  6 jackals
  6 quokkas
  6 frilled lizards
  3 goblins
  5 kobolds
  2 rats
77 creatures vanquished.

Vanquished Creatures (others)
  157 foxfires
157 creatures vanquished.

Grand Total: 234 creatures vanquished

Notes
Turn   | Place    | Note
-------+----------+-------------------------------------------
     0 | D:1      | EnegeticOcto the Mummy Fire Elementalist began the quest
                  | for the Orb.
     0 | D:1      | Reached XP level 1. HP: 13/13 MP: 4/4
   253 | D:1      | Reached skill level 1 in Conjurations
   427 | D:1      | Reached skill level 3 in Spellcasting
   529 | D:1      | Reached XP level 2. HP: 19/19 MP: 1/6
   717 | D:2      | Reached XP level 3. HP: 22/24 MP: 2/7
   747 | D:2      | Found a faded altar of an unknown god.
  1140 | D:3      | Reached skill level 3 in Fire Magic
  1200 | D:3      | Learned a level 2 spell: Scorch
  1258 | D:3      | Found a bloodstained altar of Trog.
  1262 | D:3      | Found a shimmering blue altar of Sif Muna.
  1271 | D:3      | Became a worshipper of Sif Muna the Loreminder
  1281 | D:3      | Learned a level 1 spell: Apportation
  1520 | D:3      | Reached XP level 4. HP: 27/30 MP: 7/9
  1632 | D:4      | Noticed a phantom
  1636 | D:4      | Killed a phantom
  1637 | D:4      | Reached skill level 4 in Spellcasting
  1637 | D:4      | Reached skill level 2 in Conjurations
  1637 | D:4      | Reached XP level 5. HP: 32/35 MP: 2/11
  1725 | D:4      | Reached skill level 1 in Fighting
  1725 | D:4      | Reached skill level 4 in Fire Magic
  1785 | D:4      | Found a shadowy altar of Dithmenos.
  1903 | D:4      | Noticed Eustachio
  1996 | D:3      | Killed Eustachio
  1997 | D:3      | Reached skill level 2 in Fighting
  1997 | D:3      | Reached skill level 1 in Invocations
  1997 | D:3      | Reached XP level 6. HP: 38/44 MP: 4/12
  2070 | D:4      | Found a staircase to the Ecumenical Temple.
  2135 | D:5      | Entered Level 5 of the Dungeon
  2147 | D:5      | Reached skill level 2 in Invocations
  2148 | D:5      | Reached * piety under Sif Muna
  2149 | D:5      | Reached skill level 5 in Fire Magic
  2172 | D:5      | Noticed Edmund
  2178 | D:5      | Learned a level 3 spell: Inner Flame
  2183 | D:5      | Learned a level 4 spell: Flame Wave
  2189 | D:5      | Noticed Ijyb
  2196 | D:5      | Killed Edmund
  2197 | D:5      | Reached XP level 7. HP: 50/50 MP: 0/13
  2262 | D:5      | Killed Ijyb
  2371 | D:5      | Reached skill level 6 in Fire Magic
  2499 | D:5      | Found a glowing drain.
  2503 | Sewer    | Entered a sewer
  2520 | Sewer    | Noticed Pargi
  2524 | Sewer    | Killed Pargi
  2694 | D:5      | Found a hide-covered altar of Uskayaw.
  2738 | D:5      | Identified the +8 halberd of the Scavenger {elec, rF+
                  | Stlth+}
  2778 | D:5      | Reached skill level 3 in Fighting
  2778 | D:5      | Reached skill level 5 in Spellcasting
  2778 | D:5      | Reached XP level 8. HP: 41/59 MP: 7/16
  2842 | D:5      | Noticed Pikel
  2997 | D:5      | You fall into a shaft and drop 3 floors!
  3000 | D:8      | Noticed Psyche
  3064 | D:7      | Slain by a wight

Illustrated notes

Levels and vault maps discovered:
D:1:      shiori_arrival_elements, layout_loops_cross,
          hangedman_abyss_or_decor_lesser_grid, minmay_misc_feat_tiny,
          minmay_statues_item
D:2:      layout_basic, hellmonk_ecumenical_altar_pennies_from_heaven,
          chequers_serial_rivers_micro_d, minmay_pentomino_v2
D:3:      layout_basic, hellmonk_overflow_destroyed_library
D:4:      layout_rooms, grunt_dithmenos_smoke, minmay_temple_entry_sparse_star,
          uniq_eustachio
D:5:      layout_layer_cave, nicolae_uskayaw_murder_on_the_dancefloor,
          gup_sewer_entry_spiral, serial_shops, shop, uniq_edmund, uniq_ijyb,
          uniq_pikel
D:7:      layout_basic, lemuel_crystal_altar, zin_purify,
          nicolae_overflow_hallway_of_the_gods, enter_bailey_3, enter_ossuary_1,
          nicolae_shop_sticking_my_neck_out
D:8:      layout_cave_pools, nicolae_qazlal_general_emergency,
          kennysheep_path_1, uniq_psyche

Skill      XL: |  1  2  3  4  5  6  7 |
---------------+----------------------+-----
Conjurations   | 1 2 |  2.2
Spellcasting   | 3 4 5 |  5.7
Fire Magic     | 3 4 5 6 |  6.0
Fighting       | 2 3 |  3.9
Invocations    | 1 2 |  2.0
Dodging        | |  1.5
Stealth        | |  1.5

Action                     |  1- 3 |  4- 6 |  7- 9 || total
---------------------------+-------+-------+-------++-------
  Melee: Unarmed           |     4 |       |       ||     4
         Short sword       |    22 |     4 |       ||    26
         Halberd           |       |       |     2 ||     2
  Throw: Throwing net      |       |     1 |       ||     1
   Cast: Foxfire           |    53 |    33 |     6 ||    92
         Scorch            |       |    17 |    34 ||    51
         Inner Flame       |       |     1 |     1 ||     2
         Flame Wave        |       |       |     1 ||     1
 Invoke: Channel Magic     |       |     1 |       ||     1
  Evoke: Wand              |       |       |     1 ||     1
    Use: Scroll            |       |     2 |     5 ||     7
   Stab: Sleeping          |     2 |       |       ||     2
 Armour: Robe              |    33 |    19 |    41 ||    93
  Dodge: Dodged            |    44 |    26 |    25 ||    95

Table legend:
 A = Kills in this place as a percentage of kills in the entire game.
 B = Kills by you in this place as a percentage of kills by you in the entire game.
 C = Kills by friends in this place as a percentage of kills by friends in the entire game.
 D = Other kills in this place as a percentage of other kills in the entire game.
 E = Experience gained in this place as a percentage of experience gained in the entire game.
 F = Experience gained in this place divided by the number of levels of this place that you have seen.
                   A       B       C       D       E      F
               +-------+-------+-------+-------+-------+----------------------
         Total | 100.0 | 100.0 |   N/A |   N/A | 100.0 | 200.2
       Dungeon |  94.8 |  94.8 |   N/A |   N/A |  91.6 | 209.6
         Sewer |   5.2 |   5.2 |   N/A |   N/A |   8.4 | 135.0
               +-------+-------+-------+-------+-------+----------------------

Table legend: (Time is in decaauts)
 A = Elapsed time spent in this place.
 B = Non-inter-level travel time spent in this place.
 C = Inter-level travel time spent in this place.
 D = Time resting spent in this place.
 E = Time spent auto-exploring this place.
 F = Levels seen in this place.
 G = Mean time per level.
                   A        B        C        D        E       F      G
               +--------+--------+--------+--------+--------+-----+--------+
         Total |   3317 |   3239 |     78 |    113 |   1034 |   8 |  414.6 |
       Dungeon |   3180 |   3102 |     78 |    113 |   1034 |   7 |  454.3 |
         Sewer |    136 |    136 |      0 |      0 |      0 |   1 |  136.0 |
               +--------+--------+--------+--------+--------+-----+--------+

Top non-repeatable levels by time:
     D:5: 774 daAuts
     D:4: 695 daAuts
     D:1: 674 daAuts
     D:3: 531 daAuts
     D:2: 438 daAuts
   Sewer: 136 daAuts
     D:8: 49 daAuts
     D:7: 16 daAuts
